 Dungeon Crawl Stone Soup version 0.25-a0-35-g747a2b3c0c (webtiles) character file.

Game seed: 6567885704829533263, levelgen mode: deterministic

388 Arixos the Skirmisher (level 6, -2/50 HPs)
             Began as a Demonspawn Monk on Oct 19, 2019.
             Slain by a phantom (8 damage)
             ... on level 4 of the Dungeon.
             The game lasted 00:12:04 (4259 turns).

Arixos the Skirmisher (Demonspawn Monk)             Turns: 4259, Time: 00:12:04

Health: -2/50      AC: 10    Str: 13    XL:     6   Next: 49%
Magic:  6/6        EV: 11    Int: 11    God:
Gold:   106        SH:  0    Dex: 16    Spells: 5/5 levels left

rFire    . . .     SeeInvis .   d - +1 dagger (venom)
rCold    + . .     Gourm    .   (no shield)
rNeg     . . .     Faith    .   r - +2 scale mail {MR+}
rPois    .         Spirit   .   (no helmet)
rElec    .         Reflect  .   (no cloak)
rCorr    .         Harm     .   (no gloves)
MR       ++...                  (no boots)
Stlth    +.........             (no amulet)
HPRegen  0.16/turn              n - ring of protection from magic
MPRegen  0.10/turn              (no ring)

@: no status effects
A: icy blue scales 1, cold resistance 1, foul stench 1, rot immunity
a: no special abilities


You were on level 4 of the Dungeon.
You were not hungry.

You visited 1 branch of the dungeon, and saw 4 of its levels.
You also visited: Sewer.

You collected 106 gold pieces.

Inventory:

Hand Weapons
 d - a +1 dagger of venom (weapon)
Missiles
 f - 23 poisoned darts (quivered)
Armour
 r - a +2 scale mail of magic resistance (worn)
Jewellery
 n - a ring of protection from magic (left hand)
Scrolls
 a - 4 scrolls of identify
 c - a scroll of teleportation
 e - a scroll of fear {unknown}
 h - 4 scrolls of fog {unknown}
 o - a scroll of immolation {unknown}
Potions
 i - a potion of invisibility {unknown}
 j - 2 potions of haste
 k - a potion of might {unknown}
 l - a potion of degeneration {unknown}
 m - 3 potions of curing
 p - a potion of berserk rage {unknown}
 q - 2 potions of heal wounds {unknown}
Comestibles
 b - 6 rations
 g - 3 chunks of flesh


   Skills:
 + Level 4.8 Fighting
 + Level 3.3 Armour
 + Level 4.4 Dodging
 - Level 1.7 Stealth
 - Level 2.6 Unarmed Combat


You had 5 spell levels left.
You didn't know any spells.
Your spell library was empty.

Dungeon Overview and Level Annotations

Branches:
Dungeon (4/15)              Sewer (visited)
 Temple: D:4-7

Altars:
Ashenzari
Nemelex Xobeh
Uskayaw
Zin


Innate Abilities, Weirdness & Mutations

You are partially covered in icy blue scales. (AC +2)
Your flesh is cold resistant. (rC+)
You may emit foul miasma when damaged in melee.
You are immune to rotting.


Message History

The centaur skeleton closely misses you.
You hit the centaur skeleton.
The centaur skeleton is lightly damaged.
The centaur skeleton hits you.
* * * LOW HITPOINT WARNING * * *
You hit the centaur skeleton.
The centaur skeleton is lightly damaged.
The centaur skeleton hits you.
* * * LOW HITPOINT WARNING * * *
You hit the centaur skeleton.
The centaur skeleton is moderately damaged.
The centaur skeleton closely misses you. x2
You hit the centaur skeleton.
The centaur skeleton is moderately damaged.
You closely miss the phantom.
The phantom is heavily damaged.
You closely miss the phantom.
The phantom is heavily damaged.
The phantom hits you!
You die...

#W. ....[.. #..
..... #.. .....
#.. ... ##. ...
#. #Z# #.
########## #W# ##
.........###@# #
.........'...#
.........#####
.........#
.........########
................#
###############.#
#........# #.#
#########
#........# #.#
#.........


You could see a phantom and a centaur skeleton.

Vanquished Creatures
  A scorpion (D:4)
  3 orc priests (D:4)
  An orc wizard (D:4)
  An iguana (D:4)
  A worker ant (D:4)
  8 adders
  A dart slug (D:1)
  2 leopard geckos (D:2)
  10 orcs
  4 giant cockroaches
  7 goblins
  8 hobgoblins
  10 jackals
  9 kobolds
  8 ball pythons
  7 bats
  7 frilled lizards
  6 rats
94 creatures vanquished.

Notes
Turn   | Place    | Note
-------+----------+-------------------------------------------
     0 | D:1      | Arixos the Demonspawn Monk began the quest for the Orb.
     0 | D:1      | Reached XP level 1. HP: 18/18 MP: 1/1
   525 | D:1      | Gained mutation: You are immune to rotting. [demonic
                  | ancestry]
   525 | D:1      | Reached XP level 2. HP: 21/24 MP: 2/2
   897 | D:1      | Reached skill level 1 in Armour
  1371 | D:2      | Reached XP level 3. HP: 29/29 MP: 3/3
  1473 | D:2      | Found a glowing silver altar of Zin.
  2386 | D:3      | Gained mutation: You are partially covered in icy blue
                  | scales. (AC +2) [demonic ancestry]
  2386 | D:3      | Reached XP level 4. HP: 37/37 MP: 4/4
  2703 | D:3      | Found a hide-covered altar of Uskayaw.
  2706 | D:3      | Found a sparkling altar of Nemelex Xobeh.
  2709 | D:3      | Found a shattered altar of Ashenzari.
  2902 | D:4      | Found a glowing drain.
  2939 | D:4      | Noticed a phantom
  2947 | Sewer    | Entered a sewer
  3303 | Sewer    | Gained mutation: You may emit foul miasma when damaged in
                  | melee. [demonic ancestry]
  3303 | Sewer    | Reached XP level 5. HP: 40/42 MP: 5/5
  3979 | D:4      | Gained mutation: Your flesh is cold resistant. (rC+)
                  | [demonic ancestry]
  3979 | D:4      | Reached XP level 6. HP: 25/49 MP: 6/6
  4259 | D:4      | Slain by a phantom

Levels and vault maps discovered:
D:1:      dpeg_arrival_another_circle, layout_basic
D:2:      kennysheep_big_flooded_room, layout_basic, lemuel_doored_altar
D:3:      layout_basic, grunt_temple_overflow_diamond
D:4:      layout_basic, nicolae_ru_awakened_eye, cheibrodos_sewer_entry_drain,
          first_ration

Skill      XL: |  1  2  3  4  5  6 |
---------------+-------------------+-----
Armour         | 1 2 3 |  3.3
Dodging        | 3 4 |  4.4
Fighting       | 4 |  4.8
Stealth        | |  1.7
Unarmed Combat | |  2.6

Action                   |  1- 3 |  4- 6 || total
-------------------------+-------+-------++-------
Melee: Unarmed           |    40 |       ||    40
       Punch             |     2 |       ||     2
       Dagger            |   102 |   211 ||   313
  Use: Scroll            |       |     5 ||     5
 Stab: Sleeping          |     6 |       ||     6
       Distracted        |       |     1 ||     1
  Eat: Chunk             |     5 |     6 ||    11
Armor: Leather armour    |    23 |       ||    23
       Robe              |     1 |       ||     1
       Scale mail        |       |    87 ||    87
Dodge: Dodged            |    88 |   110 ||   198

Table legend:
 A = Non-vault XP
 B = Vault XP
 C = Vault XP percentage of total XP
 D = Non-vault monster count
 E = Vault monster count
 F = Vault count percentage of total count
                 A         B        C        D         E       F
            +---------+---------+-------+---------+---------+-------
      Total |     462 |      93 |  16.8 |      68 |      26 |  27.7
            +---------+---------+-------+---------+---------+-------
        D:1 |      35 |       0 |   0.0 |      21 |       0 |   0.0
        D:2 |      41 |       4 |   8.9 |      20 |       2 |   9.1
        D:3 |      23 |       0 |   0.0 |      10 |       0 |   0.0
        D:4 |     363 |       3 |   0.8 |      17 |       2 |  10.5
      Sewer |       0 |      86 | 100.0 |       0 |      22 | 100.0
            +---------+---------+-------+---------+---------+-------
